 Dungeon Crawl Stone Soup version 0.32-a0-898-g7811c86cf0 (webtiles) character file.

Game seed: 9133093192989695996

128 KennySheep the Cutter (level 4, -1/37 HPs)
             Began as an Armataur Warper on Apr 4, 2024.
             Slain by a jelly (2 damage)
             ... on level 4 of the Dungeon on Apr 5, 2024.
             The game lasted 00:05:52 (1820 turns).

KennySheep the Cutter (Armataur Warper)             Turns: 1820, Time: 00:05:52

Health: -1/37      AC: -6    Str: 17    XL:     4   Next: 87%
Magic:  6/6        EV: 13    Int: 13    God:
Gold:   154        SH:  0    Dex: 11    Spells: 2/6 levels left

rFire   . . .        a - +3 quick blade (elec)
rCold   . . .        (no shield)
rNeg    . . .        b - +0 leather armour
rPois   .            (no helmet)
rElec   .            (no cloak)
rCorr   .            n - +0 pair of gloves
SInv    .            (no barding)
Will    .....        f - amulet of magic regeneration
Stlth   ++           i - +5 ring of evasion
HPRegen 0.26/turn    (no ring)
MPRegen 0.50/turn

%: roll
@: corroded
A: large, deformed body, tough skin 3, armoured tail, rollpage 1
a: no special abilities


You were on level 4 of the Dungeon.
You visited 1 branch of the dungeon, and saw 4 of its levels.

You collected 154 gold pieces.

Inventory:

Hand Weapons
 a - a +3 quick blade of electrocution (weapon)
 e - a +0 short sword
Missiles
 d - 7 darts of dispersal (quivered)
Armour
 b - a +0 leather armour (worn)
 n - a +0 pair of gloves (worn)
Jewellery
 f - an amulet of magic regeneration (around neck)
 i - a +5 ring of evasion (left hand)
Scrolls
 c - a scroll of blinking
 g - 3 scrolls of teleportation
 j - a scroll of fear {unknown}
 k - a scroll of immolation
 l - a scroll of identify
Potions
 h - a potion of enlightenment {unknown}
 m - a potion of haste {unknown}


   Skills:
 + Level 2.8 Fighting
 * Level 3.6 Short Blades
 - Level 0.8 Throwing
 - Level 1.2 Armour
 - Level 1.3 Dodging
 - Level 2.2 Stealth
 - Level 1.7 Spellcasting
 - Level 3.0 Translocations


You had 2 spell levels left.
You knew the following spells:

 Your Spells              Type           Power      Damage    Failure   Level
a - Blink                 Tloc           16%        N/A       14%         2
b - Lesser Beckoning      Tloc           16%        N/A       14%         2

Your spell library contained the following spells:

 Spells                   Type           Power      Damage    Failure   Level
 Sandblast                Erth           2%         2d4       30%         1
 Cigotuvi's Dreadful Rot  Necr/Alch/Air  2%         N/A       43%         2
 Maxwell's Portable Pile  Tloc           8%         2d(6-16)  26%         3
 Teleport Other           Tloc           8%         N/A       26%         3
 Dazzling Flash           Conj/Hex       2%         N/A       67%         3
 Mephitic Cloud           Conj/Alch/Air  1%         N/A       67%         3
 Stone Arrow              Conj/Erth      2%         3d7       67%         3
 Vhi's Electric Charge    Tloc/Air       10%        N/A       86%         4
 Brom's Barrelling Bould  Conj/Erth      1%         2d3       97%         4
 Ignite Poison            Fire/Alch      1%         N/A       97%         4
 Curse of Agony           Necr           1%         N/A       100%        5
 Freezing Cloud           Conj/Ice/Air   0%         6-21      100%        5
 Silence                  Hex/Air        0%         N/A       100%        5


Dungeon Overview and Level Annotations

Branches:
Dungeon (4/15)
 Temple: D:4-7

Altars:
Elyvilon


Innate Abilities, Weirdness & Mutations

Armour fits poorly on your strangely shaped body.
You have extremely tough skin. (AC +3)
You have a long armoured tail.
You regenerate magic when rolling toward enemies. (Rampage MPRegen)


Message History

The hound closely misses you.
You hit the hound. Lightning courses through the hound! You hit the hound.
Your tail-slap misses the hound.
The hound is almost dead.
The hound bites you.
You barely miss the hound. You hit the hound.
The hound is almost dead.
The hound bites you. The hound barely misses you.
You hit the hound. Lightning courses through the hound!!
You kill the hound!
You closely miss the goblin. You hit the goblin.
Your tail-slap misses the goblin.
The goblin is severely wounded.
The goblin closely misses you.
You hit the goblin.
You kill the goblin!
You hit the endoplasm.
Lightning courses through the endoplasm!!
You kill the endoplasm!
You hit the jelly. The acid corrodes you!
Your hands burn!
You tail-slap the jelly, but do no damage.
You hit the jelly.
Your hands burn!
The jelly is moderately wounded.
The jelly hits you but does no damage.
You hit the jelly.
Your hands burn!
You hit the jelly. The acid corrodes you!
Your hands burn!
The jelly is severely wounded.
The jelly misses you.
You hit the jelly.
Your hands burn!
You hit the jelly but do no damage.
Your hands burn!
The jelly is severely wounded.
The jelly hits you.
You are splashed with acid!
* * * LOW HITPOINT WARNING * * *
You hit the jelly but do no damage. The acid corrodes you!
Your hands burn!
* * * LOW HITPOINT WARNING * * *
You hit the jelly but do no damage.
Your hands burn!
* * * LOW HITPOINT WARNING * * *
The jelly is severely wounded.
The jelly hits you.
You die... #...# #.⌠.. .+# ...g ..# .. ⌠JJ

..+... hg #.##...
.#.......
##J.......
###@........
...###...........
.................
###+####'##.......
#.....#...#.....$.
#.....'...#......!
+.....#...#.......
##..<######.......
#...# ##.....


You could see a jelly.

Vanquished Creatures
  A hound (D:4)
  3 adders
  A dart slug (D:1)
  A ribbon worm (D:2)
  An orc (D:3)
  8 endoplasms
  3 giant cockroaches
  10 goblins
  3 hobgoblins
  6 jackals
  6 kobolds
  2 quokkas
  2 ball pythons (D:3)
  5 bats
  3 frilled lizards
  4 rats
59 creatures vanquished.

Notes
Turn   | Place    | Note
-------+----------+-------------------------------------------
     0 | D:1      | KennySheep the Armataur Warper began the quest for the Orb.
     0 | D:1      | Reached XP level 1. HP: 17/17 MP: 3/3
    76 | D:1      | Reached skill level 1 in Stealth
   126 | D:1      | Reached XP level 2. HP: 20/24 MP: 4/4
   641 | D:2      | Learned a level 2 spell: Blink
   644 | D:2      | Learned a level 2 spell: Lesser Beckoning
   751 | D:2      | Identified a scroll of acquirement
   753 | D:2      | Acquired a +3 quick blade of protection
   765 | D:2      | Reached XP level 3. HP: 28/29 MP: 5/5
  1454 | D:3      | Identified the +7 trident "Buitwor" {pain, Int+2 Dex+6}
  1465 | D:3      | Reached XP level 4. HP: 37/37 MP: 6/6
  1804 | D:4      | Found a white marble altar of Elyvilon.
  1820 | D:4      | HP: 1/37 [acid (4)]
  1820 | D:4      | Slain by a jelly

Illustrated notes

Levels and vault maps discovered:
D:1:      spicycebolla_arrival_ecumenical, layout_basic,
          chequers_serial_rivers_small_b
D:2:      layout_loops_ring
D:3:      layout_rooms
D:4:      layout_gridville, serial_shops, nicolae_shop_statue_plus,
          minmay_ruined_shrine, uniq_pikel

Skill      XL: |  1  2  3 |
---------------+----------+-----
Short Blades   | 2 3 |  3.6
Stealth        | 1 2 |  2.2
Fighting       | 2 |  2.8
Throwing       | |  0.8
Armour         | |  1.2
Dodging        | |  1.3
Spellcasting   | |  1.7
Translocations | |  3.0

Action                     |  1- 3 |  4- 6 || total
---------------------------+-------+-------++-------
  Melee: Short sword       |    96 |       ||    96
         Tailslap          |    23 |     3 ||    26
         Quick blade       |    63 |    40 ||   103
    Use: Scroll            |     8 |       ||     8
   Stab: Sleeping          |     2 |       ||     2
 Armour: Leather armour    |    57 |     9 ||    66
  Dodge: Dodged            |    64 |    13 ||    77

Table legend: (Time is in decaauts)
 A = Elapsed time spent in this place.
 B = Non-inter-level travel time spent in this place.
 C = Inter-level travel time spent in this place.
 D = Time resting spent in this place.
 E = Time spent auto-exploring this place.
 F = Levels seen in this place.
 G = Mean time per level.
                   A        B        C        D        E       F      G
               +--------+--------+--------+--------+--------+-----+--------+
         Total |   1811 |   1737 |     74 |     48 |   1304 |   4 |  452.8 |
       Dungeon |   1811 |   1737 |     74 |     48 |   1304 |   4 |  452.8 |
               +--------+--------+--------+--------+--------+-----+--------+

Top non-repeatable levels by time:
     D:2: 715 daAuts
     D:1: 627 daAuts
     D:3: 443 daAuts
     D:4: 26 daAuts
